FIQ, neutral male gnomish Wizard --------- |.......| ----- |...@...| t ...| |..._...| @ A ---------..-- |.......| A |....D%.|...-- | |.......| | @ |....`)%|&'A)---..%... |. ----.---- .| A@ V |..@G.%%%A@).D-.....). |....A.h[%....| @ |.......|.%))---...%)* ---...[.))..--- & w @ A |D.'...X|...-- ... -----[----- A ---------..-- --|- %%%. @ ...| |...----- ))). A @A@AD A ----- |......... A /.A. ... ------...- .... --... ....- .&. --.... -...----.----...- ......A....... ------------ FIQ the Wizard Experience level: 26 Strength: 18/25 Dexterity: 18 Constitution: 17 Intelligence: 20 Wisdom: 19 Charisma: 14 Health: 136(142) Energy: 156(373) Def: 23 Gold: 0 Moves: 34180 Dungeon seed: zLIwGz8YbAkHhwTB Game ID: FIQ_1465334175 Your Inventory: Amulets e - the blessed Eye of the Aethiopica G - an uncursed amulet of life saving (being worn) J - an uncursed amulet of strangulation Weapons a - the blessed rustproof +2 Magicbane (weapon in hand) Armor n - a blessed fireproof +3 pair of water walking boots (being worn) q - a blessed thoroughly burnt +2 cloak of protection (being worn) r - an uncursed +0 silver dragon scale mail (being worn) y - an uncursed +0 T-shirt (being worn) z - an uncursed thoroughly burnt +0 cornuthaum (being worn) E - a blessed thoroughly burnt +3 pair of leather gloves (being worn) Spellbooks O - the uncursed Book of the Dead Wands W - a blessed wand of secret door detection (0:7) Tools b - a blessed bag of holding h - an uncursed -2 unicorn horn k - an uncursed skeleton key l - an uncursed magic lamp t - an uncursed towel H - an uncursed tooled horn Y - the uncursed Candelabrum of Invocation (7 candles attached) (0:53) Z - the uncursed Bell of Opening (0:2) Gems g - a blessed luckstone Contents of the bag of holding: 7248 gold pieces an uncursed amulet of life saving an uncursed amulet of magical breathing an uncursed amulet of reflection an uncursed amulet versus poison the uncursed rustproof +0 Cleaver the uncursed rustproof +0 Vorpal Blade 17 uncursed C-rations 18 uncursed K-rations 2 uncursed scrolls of charging 3 uncursed scrolls of confuse monster a blessed scroll of create monster 12 uncursed scrolls of create monster a cursed scroll of create monster a blessed scroll of destroy armor a blessed scroll of earth 2 uncursed scrolls of earth 3 uncursed scrolls of enchant armor 2 blessed scrolls of enchant weapon 6 uncursed scrolls of enchant weapon 3 uncursed scrolls of fire an uncursed scroll of food detection 2 blessed scrolls of gold detection 3 uncursed scrolls of gold detection 5 uncursed scrolls of identify 2 blessed scrolls of remove curse 6 uncursed scrolls of scare monster an uncursed scroll of stinking cloud a blessed scroll of taming an uncursed scroll of taming an uncursed scroll of teleportation 13 cursed scrolls of teleportation a blessed scroll of water 5 uncursed potions of extra healing an uncursed potion of fruit juice an uncursed potion of full healing a blessed potion of gain energy 5 uncursed potions of gain energy a cursed potion of gain level 7 uncursed potions of healing a potion of holy water an uncursed potion of polymorph an uncursed potion of restore ability 4 uncursed potions of water an uncursed ring of aggravate monster an uncursed ring of aggravate monster an uncursed ring of conflict an uncursed ring of fire resistance an uncursed ring of fire resistance an uncursed ring of free action an uncursed ring of free action an uncursed +2 ring of gain strength a blessed +0 ring of gain strength an uncursed ring of hunger an uncursed -1 ring of increase damage an uncursed ring of invisibility an uncursed ring of invisibility an uncursed ring of invisibility an uncursed ring of invisibility an uncursed ring of levitation an uncursed ring of levitation an uncursed ring of levitation an uncursed ring of levitation an uncursed ring of poison resistance an uncursed ring of poison resistance an uncursed ring of polymorph control an uncursed +1 ring of protection an uncursed -1 ring of protection an uncursed ring of protection from shape changers an uncursed ring of regeneration an uncursed ring of searching an uncursed ring of searching an uncursed ring of shock resistance an uncursed ring of shock resistance an uncursed ring of slow digestion an uncursed ring of sustain ability an uncursed ring of teleport control an uncursed ring of teleportation an uncursed ring of warning an uncursed wand of cold (0:7) an uncursed wand of cold (0:4) an uncursed wand of cold (0:4) an uncursed wand of create monster (0:15) an uncursed wand of create monster (0:15) an uncursed wand of create monster (0:13) an uncursed wand of create monster (0:12) an uncursed wand of create monster (0:12) an uncursed wand of death (0:4) an uncursed wand of death (0:4) an uncursed wand of digging (0:8) an uncursed wand of digging (0:8) an uncursed wand of digging (0:8) an uncursed wand of digging (0:8) an uncursed wand of digging (0:7) an uncursed wand of digging (0:7) an uncursed wand of digging (0:6) an uncursed wand of digging (0:6) an uncursed wand of digging (0:6) an uncursed wand of digging (0:5) an uncursed wand of digging (0:5) an uncursed wand of digging (0:5) an uncursed wand of digging (0:4) an uncursed wand of digging (0:4) an uncursed wand of digging (0:4) an uncursed wand of digging (0:1) an uncursed wand of enlightenment (0:12) an uncursed wand of fire (0:7) an uncursed wand of fire (0:3) an uncursed wand of fire (0:3) an uncursed wand of light (0:14) an uncursed wand of light (0:14) a blessed wand of light (0:13) an uncursed wand of light (0:13) an uncursed wand of light (0:13) an uncursed wand of light (0:12) an uncursed wand of light (0:12) an uncursed wand of lightning (0:7) an uncursed wand of lightning (0:5) an uncursed wand of lightning (0:5) an uncursed wand of lightning (0:4) an uncursed wand of locking (0:4) an uncursed wand of magic missile (0:8) an uncursed wand of magic missile (0:4) an uncursed wand of magic missile (0:3) an uncursed wand of magic missile (0:0) an uncursed wand of make invisible (0:5) an uncursed wand of make invisible (0:4) an uncursed wand of make invisible (0:2) an uncursed wand of opening (0:8) an uncursed wand of polymorph (0:5) an uncursed wand of polymorph (0:4) an uncursed wand of polymorph (0:0) an uncursed wand of probing (0:2) an uncursed wand of secret door detection (0:13) an uncursed wand of secret door detection (0:6) an uncursed wand of sleep (0:7) an uncursed wand of sleep (0:5) a blessed wand of sleep (0:4) an uncursed wand of sleep (0:4) an uncursed wand of slow monster (0:3) an uncursed wand of striking (0:8) an uncursed wand of striking (0:8) an uncursed wand of striking (0:6) an uncursed wand of striking (0:5) an uncursed wand of striking (0:4) an uncursed wand of striking (0:1) an uncursed wand of teleportation (0:8) an uncursed wand of teleportation (0:7) an uncursed wand of teleportation (0:6) an uncursed wand of teleportation (0:4) a blessed wand of teleportation (0:3) an uncursed wand of teleportation (0:1) an uncursed wand of undead turning (0:6) an uncursed wand of undead turning (0:4) an uncursed wand of wishing (1:1) an uncursed figurine of a balrog an uncursed magic lamp an uncursed magic marker (1:19) a blessed magic marker (1:2) Spells and supernatural/magical abilities: Name Level Category Fail Memory a - force bolt 1 attack 0% 51% d - dig 5 matter 0% 70% e - charm monster 3 enchantment 0% 17% f - fireball 4 attack 0% 61% h - healing 1 healing 0% 51% k - knock 1 matter 0% 35% l - light 1 divination 0% 51% m - magic missile 2 attack 0% 51% n - detect monsters 1 divination 0% 10% o - cone of cold 4 attack 0% 61% t - teleport away 6 escape 0% 75% u - confuse monster 2 enchantment 0% 51% x - extra healing 3 healing 0% 51% z - sleep 1 enchantment 0% 51% G - detect treasure 4 divination 0% 51% H - haste self 3 escape 0% 91% I - identify 3 divination 0% 10% L - levitation 4 escape 0% 64% M - magic mapping 5* divination 0% 0% R - restore ability 4 healing 0% 37% U - detect unseen 3* divination 0% 0% W - pray for help -- divine ? -- Your skills at the end: Miscellaneous Skills wands [Expert] Weapon Skills dagger [Basic] quarterstaff [Basic] crossbow [Basic] Spellcasting Skills attack spells [Skilled] healing spells [Basic] divination spells [Skilled] enchantment spells [Basic] escape spells [Skilled] matter spells [Skilled] Final Attributes: You were piously aligned. You were fire resistant. You were cold resistant. You were sleep resistant. You were disintegration-resistant. You were shock resistant. You were poison resistant. You were magic-protected. You saw invisible. You were warned. You were clairvoyant. You had infravision. You were sensing the presence of monsters. You had teleport control. You were levitating, at will. You could walk on water. You were protected. You were very fast. You had reflection. Your life would have been saved. You were lucky. You had extra luck. Good luck did not time out for you. You survived. Vanquished creatures: Baalzebub Dispater Orcus Juiblex The Wizard of Yendor (4 times) Death Pestilence a high priest 2 mammoths Vlad the Impaler Medusa Croesus 3 krakens 3 iron golems 4 storm giants a titan a deep ettin a balrog 6 purple worms a gray dragon 8 silver dragons 6 red dragons 2 white dragons 5 black dragons 7 blue dragons 2 green dragons 5 yellow dragons 16 minotaurs 2 jabberwocks The Dark One 6 baluchitheria 12 Angels 5 stone golems 4 master mind flayers an Olog-hai 3 Nazgul 17 pit fiends 16 sandestins 9 hell hounds 5 titanotheres a trapper a baby black dragon 5 disenchanters 24 vampire lords 6 shades 6 skeletons 33 aligned priests 3 captains 4 nurses 9 ice devils 5 nalfeshnees 4 lurkers above 2 Aleaxes 3 frost giants 3 golden nagas 5 black puddings 26 vampires 48 ghosts 9 ettins 19 lieutenants a monk a priest 3 queen bees a winged gargoyle a mind flayer 3 giant mimics 12 fire giants 6 ogre kings 18 ice trolls 4 rock trolls 5 umber hulks 2 flesh golems 5 Elvenkings 18 doppelgangers 20 hezrous 21 bone devils 4 salamanders 2 large mimics a wumpus 3 fire vortices 10 long worms 6 couatls 8 stalkers 9 air elementals a fire elemental 2 earth elementals 2 water elementals 11 hill giants 2 giant mummies a black naga 9 xorns 17 giant zombies 18 elf-lords 22 sergeants a barbed devil 18 vrocks 10 wargs 2 winter wolves 4 hell hound pups 6 small mimics 4 island nymphs 2 glass piercers a warhorse 4 steam vortices 4 xans 2 ettin mummies 5 ogre lords 10 quantum mechanics 32 trolls a sasquatch 3 wood golems an erinys 12 mariliths 2 djinn 4 sharks 7 electric eels 2 pyrolisks 2 large dogs 2 freezing spheres 4 flaming spheres 9 shocking spheres a large cat 8 tigers 6 gargoyles 8 tengu 4 gelatinous cubes 2 ochre jellies 8 chameleons a crocodile 5 leocrottas 4 energy vortices 2 mountain centaurs 3 giants an elf mummy a human mummy 12 red nagas 9 green slimes 8 pit vipers 6 pythons 3 cobras 48 wraiths 16 ettin zombies 3 leather golems 7 Grey-elves 52 soldiers a horned devil 11 succubi 9 incubi 5 giant beetles 6 cockatrices 6 wolves 14 winter wolf cubs a lynx 2 panthers 10 gremlins 46 leprechauns 4 quivering blobs a spotted jelly 7 lizards 4 mountain nymphs an orc-captain 3 mumakil 15 giant spiders 6 scorpions 2 iron piercers a horse 2 ice vortices 4 black lights 58 vampire bats 3 forest centaurs 4 orc mummies a dwarf mummy an ogre 2 brown puddings 5 rust monsters 14 owlbears 4 yetis 4 gold golems 3 werewolves 9 Green-elves 2 piranhas 7 giant eels an apprentice 3 chickatrices 3 dogs 6 dingos 4 housecats 6 jaguars a dwarf lord 3 blue jellies 4 water nymphs 3 white unicorns 2 black unicorns 4 dust vortices 10 ravens 4 plains centaurs 2 gnome mummies 5 snakes 5 apes 16 human zombies 2 rope golems 7 Woodland-elves 11 soldier ants 7 fire ants 5 bugbears 2 imps 7 quasits a baby crocodile a wood nymph 23 Mordor orcs 17 Uruk-hai 13 orc shamans 5 rock moles 4 rock piercers a pony 3 fog clouds 9 yellow lights 6 shriekers 2 gnome lords 4 gnomish wizards 5 kobold mummies 4 black naga hatchlings a golden naga hatchling a guardian naga hatchling 3 gray oozes 2 barrow wights 17 elf zombies 12 ghouls a straw golem 2 paper golems 4 jellyfish 11 giant ants 3 little dogs 11 floating eyes 2 kittens 2 dwarves 11 homunculi 4 kobold lords 3 kobold shamans 4 iguanas 19 hill orcs 10 rothes 3 rabid rats 3 centipedes 6 giant bats 2 monkeys 19 orc zombies 21 dwarf zombies 4 wererats 92 killer bees 5 coyotes 10 hobbits 8 acid blobs 3 large kobolds 11 geckos 22 hobgoblins 8 giant rats 8 cave spiders 4 brown molds 3 yellow molds 2 green molds a red mold 4 gnomes 4 garter snakes 16 manes 18 gnome zombies 14 jackals 2 foxes 2 kobolds 12 newts 5 goblins 9 grid bugs 8 bats 11 lichens 9 kobold zombies 1976 creatures vanquished. Genocided or extinct species: liches demiliches master liches arch-liches soldiers (extinct) 4 species genocided. 1 species extinct. Voluntary challenges: You used a wielded weapon 824 times, starting on turn 63. You read items or engraved 335 times, starting on turn 56. You genocided 4 types of monsters, starting on turn 20411. You polymorphed 30 items, starting on turn 30910. You changed form 1 time, starting on turn 16547. You cheated 1 time but completed Sokoban on turn 15926. You used 3 wishes, starting on turn 32058. You wished for your your first artifact on turn 32062. You split 3 puddings, starting on turn 20156. You wrote Elbereth's name 7 times, starting on turn 1504. You violated your moral code, losing 21 points of alignment, starting on turn 1484. Dungeon overview: The Dungeons of Doom: levels 1 to 29 Level 1 some fountains stairs to The Elemental Planes Level 2 a fountain Level 3 some fountains stairs to The Gnomish Mines Level 4 an altar to Ptah Level 5 some fountains Level 6 a fountain Level 7 Level 8 Level 9 many fountains Level 10 a fountain stairs to Sokoban Level 11 Level 12 some fountains portal to Fort Ludios Level 13 some fountains Level 14 Level 15 Level 16 portal to The Quest Level 17 Level 18 Level 19 a hardware shop, an altar to Thoth, a fountain Level 20 Level 21 Level 22 a temple to Anhur Level 23 Level 24 Level 25 Level 26 Level 27 Level 28 Level 29 a magic chest, a fountain Gehennom: levels 30 to 57 Level 30 a temple to Moloch, a magic chest stairs to The Dungeons of Doom Level 31 Level 32 Level 33 Level 34 Level 35 Level 36 Level 37 some fountains Level 38 Level 39 Level 40 some shops, an altar to Moloch, a magic chest, some fountains stairs to Vlad's Tower Level 41 a magic chest Level 42 Level 43 Level 44 Level 45 a magic chest Level 46 Level 47 portal to Gehennom Level 48 Level 49 Level 50 Level 51 Level 52 Level 53 Level 54 portal to Gehennom Level 55 Level 56 Level 57 The Gnomish Mines: levels 4 to 12 Level 4 stairs to The Dungeons of Doom Level 5 Level 6 Level 7 some shops, a temple to Anhur, a magic chest, some fountains Level 8 Level 9 Level 10 Level 11 Level 12 many altars to Thoth and Moloch, a magic chest, some fountains The Quest: levels 1 to 6 Level 1 a magic chest, a throne portal to The Dungeons of Doom Level 2 Level 3 Level 4 Level 5 Level 6 a temple to Thoth Sokoban: levels 6 to 9 Level 6 a magic chest Level 7 Level 8 Level 9 a magic chest stairs to The Dungeons of Doom Fort Ludios: Level 1 portal to The Dungeons of Doom Vlad's Tower: levels 37 to 39 Level 37 Level 38 an altar to Moloch Level 39 stairs to Gehennom The Elemental Planes: Astral Plane <- You were here some high altars Plane 4 portal to The Elemental Planes Plane 3 portal to The Elemental Planes Plane 2 portal to The Elemental Planes Plane 1 portal to The Elemental Planes History has recorded: On T:1 you entered the Dungeons of Doom to retrieve the Amulet of Yendor! On T:360 you reached level 2 of The Dungeons of Doom. On T:433 you advanced to experience level 2. On T:668 you advanced to experience level 3. On T:676 you reached level 3 of The Dungeons of Doom. On T:1117 you advanced to experience level 4. On T:1263 you reached level 1 of The Gnomish Mines. On T:1767 you reached level 2 of The Gnomish Mines. On T:1771 you advanced to experience level 5. On T:1975 you reached level 3 of The Gnomish Mines. On T:2438 you reached level 4 of The Gnomish Mines. On T:2852 you advanced to experience level 6. On T:2883 you entered the Minetown temple On T:2886 you opened a magic chest. On T:2893 you opened a magic chest. On T:2894 you opened a magic chest. On T:3296 you reached level 5 of The Gnomish Mines. On T:3550 you advanced to experience level 7. On T:3716 you reached level 6 of The Gnomish Mines. On T:3878 you reached level 7 of The Gnomish Mines. On T:4140 you reached level 8 of The Gnomish Mines. On T:4331 you reached level 9 of The Gnomish Mines. On T:4331 you reached the bottom of the Mines. On T:4334 you advanced to experience level 8. On T:5293 you received Magicbane from Thoth. On T:5674 you advanced to experience level 9. On T:8639 you opened a magic chest. On T:9234 you received Vorpal Blade from Thoth. On T:9632 you received Cleaver from Thoth. On T:10392 you advanced to experience level 10. On T:11072 you reached level 4 of The Dungeons of Doom. On T:11326 you reached level 5 of The Dungeons of Doom. On T:11749 you reached level 6 of The Dungeons of Doom. On T:12142 you reached level 7 of The Dungeons of Doom. On T:12773 you reached level 8 of The Dungeons of Doom. On T:12877 you reached level 9 of The Dungeons of Doom. On T:13081 you reached level 10 of The Dungeons of Doom. On T:13490 you reached level 4 of Sokoban. On T:13721 you reached level 3 of Sokoban. On T:14452 you reached level 2 of Sokoban. On T:14883 you reached level 1 of Sokoban. On T:15926 you entered the Sokoban zoo. On T:16094 you opened a magic chest. On T:16096 you opened a magic chest. On T:16123 you opened a magic chest. On T:16128 you opened a magic chest. On T:16132 you opened a magic chest. On T:16335 you opened a magic chest. On T:16336 you opened a magic chest. On T:16428 you reached level 11 of The Dungeons of Doom. On T:16702 you reached level 12 of The Dungeons of Doom. On T:16896 you reached level 13 of The Dungeons of Doom. On T:17140 you reached level 14 of The Dungeons of Doom. On T:17500 you reached level 15 of The Dungeons of Doom. On T:17541 you advanced to experience level 11. On T:17575 you advanced to experience level 12. On T:17857 you reached level 16 of The Dungeons of Doom. On T:17940 you reached level 17 of The Dungeons of Doom. On T:18361 you reached level 18 of The Dungeons of Doom. On T:18573 you reached level 19 of The Dungeons of Doom. On T:19245 you reached level 20 of The Dungeons of Doom. On T:19588 you reached level 21 of The Dungeons of Doom. On T:19628 you reached level 22 of The Dungeons of Doom. On T:19813 you reached level 23 of The Dungeons of Doom. On T:20113 you advanced to experience level 13. On T:20461 you killed Medusa on level 23 of The Dungeons of Doom. On T:20465 you reached level 24 of The Dungeons of Doom. On T:20624 you reached level 25 of The Dungeons of Doom. On T:21083 you reached level 26 of The Dungeons of Doom. On T:22215 you reached level 27 of The Dungeons of Doom. On T:22382 you reached level 28 of The Dungeons of Doom. On T:23101 you reached level 1 of The Quest. On T:24254 you opened a magic chest. On T:24255 you opened a magic chest. On T:24276 you opened a magic chest. On T:24302 you opened a magic chest. On T:25285 you reached The Castle. On T:25597 you advanced to experience level 14. On T:25600 you advanced to experience level 15. On T:25600 you advanced to experience level 16. On T:25919 you opened a magic chest. On T:25932 you opened a magic chest. On T:26161 you opened a magic chest. On T:26242 you opened a magic chest. On T:26243 you opened a magic chest. On T:26243 you opened a magic chest. On T:26326 you opened a magic chest. On T:26333 you reached The Valley of the Dead. On T:26701 you advanced to experience level 17. On T:26719 you advanced to experience level 18. On T:27212 you reached Fort Ludios. On T:27326 you received advice from The Oracle. On T:27326 you advanced to experience level 19. On T:27327 you advanced to experience level 20. On T:27346 you advanced to experience level 21. On T:27792 you embarked upon an epic quest. On T:27807 you reached level 2 of The Quest. On T:27910 you reached level 3 of The Quest. On T:28059 you reached level 4 of The Quest. On T:28185 you reached level 5 of The Quest. On T:28233 you reached level 6 of The Quest. On T:28294 you killed Dark One on level 6 of The Quest. On T:28580 you completed the quest! On T:29034 you opened a magic chest. On T:29036 you opened a magic chest. On T:29071 you opened a magic chest. On T:29073 you opened a magic chest. On T:29074 you opened a magic chest. On T:29108 you reached level 2 of Gehennom. On T:29226 you reached level 3 of Gehennom. On T:29352 you reached level 4 of Gehennom. On T:29541 you advanced to experience level 22. On T:29569 you killed Baalzebub on level 4 of Gehennom. On T:29648 you reached level 5 of Gehennom. On T:29654 you reached level 7 of Gehennom. On T:29690 you reached level 6 of Gehennom. On T:29815 you reached level 8 of Gehennom. On T:29836 you killed Juiblex on level 8 of Gehennom. On T:29878 you reached level 9 of Gehennom. On T:29933 you reached level 10 of Gehennom. On T:29976 you reached level 11 of Gehennom. On T:29992 you reached level 3 of Vlad's Tower. On T:30023 you reached level 2 of Vlad's Tower. On T:30059 you reached level 1 of Vlad's Tower. On T:30064 you killed Vlad the Impaler on level 1 of Vlad's Tower. On T:30306 you advanced to experience level 23. On T:30308 you advanced to experience level 24. On T:30370 you killed Orcus on level 11 of Gehennom. On T:30391 you opened a magic chest. On T:30393 you opened a magic chest. On T:30394 you opened a magic chest. On T:30401 you reached level 12 of Gehennom. On T:30484 you killed Dispater on level 12 of Gehennom. On T:30570 you opened a magic chest. On T:30570 you opened a magic chest. On T:30627 you reached level 13 of Gehennom. On T:30739 you reached level 14 of Gehennom. On T:30769 you advanced to experience level 25. On T:30790 you reached level 15 of Gehennom. On T:30822 you reached level 16 of Gehennom. On T:31075 you reached level 17 of Gehennom. On T:31155 you reached level 18 of Gehennom. On T:31267 you reached level 19 of Gehennom. On T:31309 you reached level 20 of Gehennom. On T:31364 you reached level 21 of Gehennom. On T:31435 you reached level 22 of Gehennom. On T:31503 you reached level 23 of Gehennom. On T:31568 you reached level 24 of Gehennom. On T:31639 you reached level 25 of Gehennom. On T:32009 you opened a magic chest. On T:32012 you killed Wizard of Yendor on level 16 of Gehennom. On T:32015 you reached level 27 of Gehennom. On T:32058 you wished for "7 candles". On T:32062 you wished for "blessed fixed greased orb of fate". On T:32064 you performed the invocation. On T:32065 you reached level 28 of Gehennom. On T:32220 you killed high priestess of Moloch on level 28 of Gehennom. On T:32228 you gained the Amulet of Yendor! On T:32314 you reached level 26 of Gehennom. On T:32863 you killed Wizard of Yendor on level 10 of Gehennom. On T:33021 you advanced to experience level 26. On T:33113 you killed Wizard of Yendor on level 2 of Gehennom. On T:33185 you wished for "3 cursed potions of gain level". On T:33655 you killed Croesus in Fort Ludios. On T:33962 you reached the Plane of Earth. On T:33963 you killed Wizard of Yendor on the Plane of Earth. On T:33993 you reached the Plane of Air. On T:34059 you reached the Plane of Fire. On T:34069 you reached the Plane of Water. On T:34109 you reached the Astral Plane. On T:34121 you killed Pestilence on the Astral Plane. On T:34155 you killed Death on the Astral Plane. On T:34180 you lost the Amulet of Yendor. On T:34180 you offered the Amulet of Yendor to Thoth and ascended to the status of Demigod! Score breakdown: Gold: 7248 ( 724 points) Experience: 26 levels ( 2000 points) Exploration: 57 levels ( 2000 points) Discoveries: 144 items ( 2000 points) Variety of kills: 275 monsters ( 2000 points) Major goal: ascended ( 5000 points) Ascension bonuses Valuables value: 900 ( 90 points) Artifact value: 2 ( 2000 points) Speed bonus: 34180 turns ( 3291 points) Conduct bonus: 0 conducts ( 0 points) Survival: ascended (score multiplied by 10) Total score: 191050 Latest messages: The clay golem resists the fireball! You are caught in the fireball! The Book of the Dead glows a strange dark red, but remains intact. The orange dragon is caught in the fireball! You kill the purple worm! The orange dragon is caught in the fireball! (2x) The Angel of Ptah swings his long sword. The Angel of Ptah slashes you! The Angel of Ptah swings his long sword. The Angel of Ptah slashes you! The Angel of Ptah punches you! The Angel of Ptah casts a spell at you! You are hit by a shower of missiles! The missiles bounce off! The high priest intones: "Pilgrim, you enter a sacred place!" The umber hulk turns to flee! The orange dragon turns to flee! The orange dragon picks up 4 orange gems. The red dragon picks up 23 gold pieces. There is an altar to Thoth (neutral) here. You offer the Amulet of Yendor to Thoth... An invisible choir sings, and you are bathed in radiance... The voice of Thoth booms out: "Congratulations, mortal!" "In return for thy service, I grant thee the gift of Immortality!" You ascend to the status of Demigod... Final status: Goodbye FIQ the Demigod, ascended... You went to your reward with 191050 points, Magicbane (worth 3500 zorkmids) Vorpal Blade (worth 4000 zorkmids) Cleaver (worth 1500 zorkmids) The Eye of the Aethiopica (worth 4000 zorkmids) 2 amulets of life saving (worth 300 zorkmids), 1 amulet of strangulation (worth 150 zorkmids), 1 amulet versus poison (worth 150 zorkmids), 1 amulet of reflection (worth 150 zorkmids), 1 amulet of magical breathing (worth 150 zorkmids), and 7248 pieces of gold, after 34180 moves. You were level 26 with a maximum of 142 hit points when you ascended.